 Dungeon Crawl Stone Soup version 0.22.1-1-ga44c0e5 (webtiles) character file.

1325 Folque the Magician (level 8, -25/52 HPs)
             Began as an Octopode Wizard on Oct 10, 2018.
             Was a Follower of Sif Muna.
             Killed from afar by a deep elf mage (45 damage)
             ... with a bolt of fire
             ... on level 6 of the Dungeon.
             The game lasted 00:27:45 (6320 turns).

Folque the Magician (Octopode Wizard)               Turns: 6320, Time: 00:27:46

Health: -25/52     AC:  1    Str:  6    XL:     8   Next: 60%
Magic:  11/15      EV: 16    Int: 23    God:    Sif Muna [*.....]
Gold:   236        SH:  0    Dex: 10    Spells: 0/17 levels left

rFire    . . .     SeeInvis .   b - +0 short sword
rCold    . . .     Gourm    .   (no shield)
rNeg     . . .     Faith    .   a - +0 hat
rPois    +         Spirit   .   (no amulet)
rElec    .         Reflect  .   p - ring of poison resistance
rCorr    .         Harm     .   j - +3 ring of evasion
MR       .....                  (no ring)
Stlth    +++.......             (no ring)
HPRegen  0.17/turn              (no ring)
MPRegen  0.14/turn              (no ring)
                                (no ring)
                                (no ring)

@: divine energy
A: almost no armour, stealthy swim, amphibious, 8 rings, constrict 8, camouflage
1, gelatinous body 1
a: Stop Divine Energy, Renounce Religion


You were on level 6 of the Dungeon.
You worshipped Sif Muna.
Sif Muna was aware of your devotion.
You were not hungry.

You visited 2 branches of the dungeon, and saw 7 of its levels.

You collected 236 gold pieces.

Inventory:

Hand Weapons
 b - a +0 short sword (weapon)
 e - a +0 dagger
 f - a cursed -2 trident
 h - a +0 short sword
 k - a +1 whip of electrocution
 q - a +0 hunting sling
Missiles
 g - 34 sling bullets
 i - 15 poisoned needles
 o - 2 javelins (quivered)
Armour
 a - a +0 hat (worn)
Jewellery
 j - a +3 ring of evasion (right tentacle)
 p - a ring of poison resistance (left tentacle)
 t - an uncursed amulet of magic regeneration {unknown}
 v - a +3 ring of intelligence {unknown}
Wands
 l - a wand of iceblast (2)
Scrolls
 m - 4 scrolls of magic mapping
 s - a scroll of enchant weapon
 u - a scroll of immolation {unknown}
 w - a scroll of amnesia {unknown}
 x - a scroll of noise {unknown}
 y - a scroll of enchant armour {unknown}
Potions
 d - 3 potions of curing
 r - a potion of heal wounds
 A - a potion of magic {unknown}
Comestibles
 c - 14 rations
 n - 5 chunks of flesh


   Skills:
 - Level 3.0 Fighting
 - Level 3.0 Slings
 - Level 3.0 Dodging
 - Level 2.6 Stealth
 - Level 5.3 Spellcasting
 * Level 3.8 Conjurations
 - Level 2.0 Hexes
 + Level 1.6 Summonings
 - Level 1.0 Translocations
 * Level 1.0 Ice Magic
 - Level 1.5 Air Magic
 - Level 3.3 Poison Magic
 - Level 4.0 Invocations


You couldn't memorise any spells.
You knew the following spells:

 Your Spells              Type           Power        Failure   Level  Hunger
a - Magic Dart            Conj           ###.         1%          1    None
b - Call Imp              Summ           ##......     7%          2    None
c - Blink                 Tloc           N/A          9%          2    None
d - Mephitic Cloud        Conj/Pois/Air  ###.....     9%          3    ##.....
e - Slow                  Hex            ###.....     6%          2    None
f - Conjure Flame         Conj/Fire      ###.....     12%         3    ##.....
g - Summon Ice Beast      Ice/Summ       ##......     47%         4    ####...

Your spell library contained the following spells:

 Spells                   Type           Power        Failure   Level  Hunger
 Throw Frost              Conj/Ice       ###...       4%          2    None
 Freeze                   Ice            ##..         6%          1    None
 Ozocubu's Armour         Chrm/Ice       #.......     22%         3    ##.....
 Throw Icicle             Conj/Ice       ###.....     32%         4    ####...


Dungeon Overview and Level Annotations

Branches:
Dungeon (6/15)             Temple (1/1) D:4

Altars:
Ashenzari
Cheibriados
Dithmenos
Gozag
Kikubaaqudgha
Makhleb
Nemelex Xobeh
Okawaru
Qazlal
Sif Muna
Trog
Uskayaw
Vehumet
Wu Jian
Yredelemnul
Zin
The Shining One


Innate Abilities, Weirdness & Mutations

You cannot wear most types of armour.
You are very stealthy in the water. (Stealth+)
You are amphibious.
You can wear up to eight rings at the same time.
You can use your tentacles to constrict eight enemies at once.
Your skin changes colour to match your surroundings (Stealth+).
Your rubbery body absorbs attacks. (AC +1, EV +1)


Message History

Throwing (i - inventory)
o - 5 javelins (quivered)
Press: ? - help, Shift-Dir - straight line, f - deep elf mage
Aim: a deep elf mage, wielding a long sword and wearing a leather armour You throw a javelin.
The javelin barely misses the deep elf mage.
Throwing (i - inventory)
o - 4 javelins (quivered)
Press: ? - help, Shift-Dir - straight line, f/p - deep elf mage
Aim: a deep elf mage, wielding a long sword and wearing a leather armour You throw a javelin.
The javelin hits the deep elf mage!
The deep elf mage is severely wounded.
Throwing (i - inventory)
o - 3 javelins (quivered)
Press: ? - help, Shift-Dir - straight line, f/p - deep elf mage
Aim: a deep elf mage, wielding a long sword and wearing a leather armour You throw a javelin.
The javelin hits the deep elf mage!
The deep elf mage is almost dead.
The deep elf mage seems less confused.
The deep elf mage gestures at you while chanting.
The bolt of fire hits you!
Ouch! That really hurt!
You die...

#####.#########.. #.. #.#
#... #... #.# #... ##.8###
+++#.# #... #..... ...#.#
#... #..... ...#.# ####.##
#.... :.:#.# #....#.
#..8######''(#.# #......
#........@.e(#.#####.....#
#............#.........###
#..###########..########
#...............#
#...............#
#################


You could see a deep elf mage.

Vanquished Creatures
  2 sky beasts
  An ogre (D:6)
  3 centaurs
  2 bullfrogs (D:6)
  A scorpion (D:6)
  An orc priest (D:5)
  3 hounds (D:5)
  2 orc wizards (D:5)
  A bullfrog skeleton (D:4)
  5 worker ants
  6 adders
  A shadow imp (D:6)
  An adder zombie (D:6)
  A dart slug (D:1)
  6 leopard geckos
  7 orcs
  A ball python (D:2)
  2 giant cockroaches
  5 goblins
  2 hobgoblins
  3 jackals (D:6)
  A quokka (D:2)
  8 bats
  2 frilled lizards (D:2)
  7 kobolds
  6 rats
80 creatures vanquished.

Vanquished Creatures (collateral kills)
  A phantom (D:3)
  An ogre (D:5)
  An iron imp (D:4)
  An orc wizard (D:3)
  Terence (D:2)
  An iguana (D:4)
  Natasha (D:3)
  A worker ant (D:5)
  4 adders
  A worm (D:2)
  5 orcs
  A hobgoblin (D:2)
  3 jackals
  A frilled lizard (D:2)
  A kobold (D:2)
24 creatures vanquished.

Grand Total: 104 creatures vanquished

Notes
Turn   | Place    | Note
-------+----------+-------------------------------------------
     0 | D:1      | Folque the Octopode Wizard began the quest for the Orb.
     0 | D:1      | Reached XP level 1. HP: 11/11 MP: 4/4
   334 | D:1      | Reached skill level 1 in Fighting
   334 | D:1      | Reached XP level 2. HP: 9/18 MP: 4/6
   856 | D:1      | Learned a level 2 spell: Call Imp
   859 | D:1      | Learned a level 2 spell: Blink
   921 | D:2      | Reached XP level 3. HP: 21/23 MP: 4/7
  1054 | D:2      | Learned a level 3 spell: Mephitic Cloud
  1114 | D:2      | Reached skill level 1 in Poison Magic
  1331 | D:2      | Reached XP level 4. HP: 25/29 MP: 9/9
  1375 | D:2      | Noticed Terence
  1665 | D:2      | Killed Terence
  1991 | D:3      | Reached XP level 5. HP: 15/34 MP: 4/10
  2099 | D:3      | Noticed a phantom
  2194 | D:3      | Killed a phantom
  2194 | D:3      | Reached skill level 1 in Air Magic
  2810 | D:3      | Noticed Natasha
  2822 | D:3      | Killed Natasha
  2822 | D:3      | Reached skill level 4 in Spellcasting
  2822 | D:3      | Reached XP level 6. HP: 19/39 MP: 4/12
  2826 | D:3      | Learned a level 2 spell: Slow
  2830 | D:3      | Learned a level 3 spell: Conjure Flame
  3182 | D:4      | Found a staircase to the Ecumenical Temple.
  3188 | Temple   | Entered the Ecumenical Temple
  3207 | Temple   | Became a worshipper of Sif Muna the Loreminder
  3895 | D:4      | Found a snail-covered altar of Cheibriados.
  4091 | D:5      | Entered Level 5 of the Dungeon
  4135 | D:5      | Reached skill level 1 in Slings
  4275 | D:5      | Reached skill level 1 in Invocations
  4275 | D:5      | Reached XP level 7. HP: 45/45 MP: 2/13
  5353 | D:6      | Reached skill level 5 in Spellcasting
  5434 | D:5      | Reached skill level 1 in Hexes
  5434 | D:5      | Reached XP level 8. HP: 18/52 MP: 5/15
  5831 | D:6      | Reached * piety under Sif Muna
  6055 | D:6      | Learned a level 4 spell: Summon Ice Beast
  6215 | D:6      | Reached skill level 1 in Ice Magic
  6307 | D:6      | Noticed a deep elf mage
  6320 | D:6      | Killed from afar by a deep elf mage

Skill      XL: |  1  2  3  4  5  6  7  8 |
---------------+-------------------------+-----
Fighting       | 1 2 3 |  3.0
Conjurations   | 2 3 |  3.8
Poison Magic   | 1 2 3 |  3.3
Air Magic      | 1 |  1.5
Spellcasting   | 4 5 |  5.3
Dodging        | 3 |  3.0
Slings         | 1 3 |  3.0
Invocations    | 1 3 4 |  4.0
Hexes          | 1 2 |  2.0
Ice Magic      | 1 |  1.0
Stealth        | |  2.6
Summonings     | |  1.6
Translocations | |  1.0

Action                   |  1- 3 |  4- 6 |  7- 9 || total
-------------------------+-------+-------+-------++-------
Melee: Unarmed           |    26 |       |       ||    26
       Constrict         |    17 |    28 |    17 ||    62
       Tentacles         |     5 |    12 |     6 ||    23
       Dagger            |    23 |       |       ||    23
       Short sword       |    31 |   113 |    59 ||   203
 Fire: Hunting sling     |       |       |   106 ||   106
Throw: Javelin           |       |       |     7 ||     7
 Cast: Magic Dart        |     4 |    18 |     8 ||    30
       Call Imp          |     7 |    28 |    12 ||    47
       Mephitic Cloud    |       |    10 |    27 ||    37
       Blink             |       |       |     5 ||     5
Invok: Divine Energy     |       |       |     1 ||     1
Evoke: Wand              |       |       |     1 ||     1
  Use: Potion            |     1 |       |     1 ||     2
       Scroll            |       |     7 |     3 ||    10
 Stab: Sleeping          |    12 |     8 |       ||    20
       Distracted        |       |     1 |       ||     1
       Confused          |       |     1 |     4 ||     5
  Eat: Chunk             |     2 |     7 |     7 ||    16
       Ration            |       |     1 |       ||     1
Armor: Skin              |     6 |    11 |     2 ||    19
Dodge: Dodged            |    58 |    56 |    51 ||   165
